AoeStats
← OM | Kerry Copyto

African Clearing

506582689Analyzed
4v4 RM · 19d ago on Sep 14, 2026· 47m 22s· 8 players
Game mode
Random Map
Map size
Large (8 player)
Population
200
Speed
Normal
Resources
Standard
Victory
Conquest
Starting age
Dark Age
Ending age
Imperial Age
RankedLock teamsTeams togetherTeam positionsShared explorationLock speedFull tech treeHidden civsTurbo modeCheats
Victory
Defeat
🇲🇽 Berbers · Mexico
1452
+14
🇺🇸 Spanish · United States
1452
+14
🇺🇸 Magyars · United States
1416
+15
🇨🇳 Huns · China
1387
+16
🇨🇳 Mongols · China
1475
-18
🇲🇽 Vietnamese · Mexico
1409
-15
🇲🇽 Wei · Mexico
1369
-14
🇲🇽 Armenians · Mexico
1337
-12
"Real Friendly" new player
12:23 Loom
14:15 Feudal Age
18:13 Castle Age
16:12 Double-Bit Axe
17:33 Stone Mining
24:56 Gold Mining
25:46 Scale Mail Armor
28:09 Chain Mail Armor
31:43 Corvinian Army
32:35 Horse Collar
33:33 Wheelbarrow
35:46 Bow Saw
35:37 Heavy Plow
36:08 Bloodlines
35:59 Husbandry
40:39 Imperial Age
38:25 Hand Cart
38:48 Scale Barding Armor
39:55 Chain Barding Armor
41:45 Conscription
42:06 Plate Barding Armor
41:46 Elite Magyar Huszar
43:36 Two-Man Saw
46:37 Crop Rotation
JR | cristopher7gc
8:25 Loom
12:07 Feudal Age
13:04 Double-Bit Axe
16:50 Fletching
20:34 Castle Age
19:25 Padded Archer Armor
21:45 Crossbowman
26:44 Wheelbarrow
28:10 Bodkin Arrow
28:57 Horse Collar
31:37 Hand Cart
35:58 Gold Mining
39:46 Imperial Age
37:07 Town Watch
38:13 Forging
38:09 Scale Barding Armor
39:20 Bloodlines
39:11 Husbandry
40:16 Chain Barding Armor
40:32 Iron Casting
39:59 Cavalier
41:40 Plate Barding Armor
41:24 Bow Saw
43:19 Blast Furnace
42:50 Capped Ram
44:46 Heavy Plow
梅川内酷
12:55 Feudal Age
12:46 Loom
14:51 Double-Bit Axe
17:08 Castle Age
28:08 Husbandry
33:59 Bloodlines
33:59 Horse Collar
37:56 Wheelbarrow
37:37 Heavy Plow
41:15 Imperial Age
39:03 Scale Barding Armor
39:31 Forging
40:39 Hand Cart
40:10 Town Watch
40:45 Bow Saw
41:28 Chain Barding Armor
41:23 Cavalier
42:28 Conscription
43:51 Two-Man Saw
44:22 Iron Casting
45:13 Plate Barding Armor
45:57 Paladin
48:17 Blast Furnace
蒜香骨
4:11 Loom
13:16 Feudal Age
17:35 Castle Age
16:37 Fletching
16:49 Double-Bit Axe
21:48 Bow Saw
21:47 Padded Archer Armor
28:33 Horse Collar
34:34 Wheelbarrow
38:41 Imperial Age
36:43 Marauders
37:00 Bloodlines
37:13 Husbandry
38:07 Scale Barding Armor
39:27 Chain Barding Armor
40:48 Plate Barding Armor
40:37 Conscription
40:57 Forging
41:45 Elite Tarkan
43:59 Iron Casting
46:27 Blast Furnace
OM | Kerry Copyto
6:30 Loom
12:50 Feudal Age
13:47 Double-Bit Axe
19:38 Forging
19:34 Scale Barding Armor
25:30 Castle Age
25:01 Horse Collar
26:11 Fletching
25:43 Crossbowman
26:45 Bow Saw
26:43 Padded Archer Armor
27:12 Bodkin Arrow
27:48 Thumb Ring
32:09 Leather Archer Armor
32:36 Ballistics
34:34 Elite Skirmisher
36:07 Town Watch
39:58 Wheelbarrow
43:30 Murder Holes
OM | Romeo D. Sins
2:58 Loom
11:56 Feudal Age
12:49 Double-Bit Axe
13:34 Horse Collar
15:57 Forging
17:52 Wheelbarrow
17:17 Gold Mining
17:17 Stone Mining
22:55 Castle Age
22:15 Fletching
22:26 Padded Archer Armor
23:42 Bodkin Arrow
24:20 Leather Archer Armor
26:26 Bow Saw
26:24 Heavy Plow
29:02 Gold Shaft Mining
29:02 Stone Shaft Mining
43:23 Town Watch
OM | Massiosare
4:49 Loom
14:26 Feudal Age
15:07 Man-at-Arms
15:34 Arson
17:37 Long Swordsman
25:01 Castle Age
24:27 Double-Bit Axe
24:36 Stone Mining
24:39 Gold Mining
26:56 Fletching
32:44 Padded Archer Armor
34:29 Bodkin Arrow
35:24 Ballistics
36:11 Leather Archer Armor
37:49 Fortified Wall
43:42 Imperial Age
43:25 Bow Saw
43:52 Gold Shaft Mining
43:04 Horse Collar
45:42 Chemistry
44:06 Elite Composite Bowman
45:22 Ring Archer Armor
beneath mariana
9:15 Loom
12:07 Feudal Age
10:51 Loom
12:51 Town Watch
15:42 Castle Age
15:09 Fletching
25:10 Horse Collar
26:24 Double-Bit Axe
33:20 Bodkin Arrow
Connection lost

Rejoining the realm…

Still unreachable

The connection could not be restored.

Session expired

The server has moved on; the page needs a fresh start.